 Dungeon Crawl Stone Soup version 0.24-a0-92-g7d8ec57 (webtiles) character file.

Game seed: 10141930477643370114

36330 Borgoz the Fighter (level 13, -7/84 HPs)
             Began as a Gargoyle Fighter on Feb 9, 2019.
             Was the Champion of Makhleb.
             Mangled by a queen bee (13 damage)
             ... on level 10 of the Dungeon.
             The game lasted 00:38:20 (13900 turns).

Borgoz the Fighter (Gargoyle Fighter)              Turns: 13900, Time: 00:38:21

Health: -7/84      AC: 19    Str: 20    XL:     13   Next: 89%
Magic:  19/19      EV: 25    Int: 10    God:    Makhleb [******]
Gold:   591        SH: 13    Dex: 22    Spells: 12/12 levels left

rFire    . . .     SeeInvis .   a - +8 war axe
rCold    + . .     Gourm    .   c - +0 shield
rNeg     + . .     Faith    .   e - +2 ring mail {rC+}
rPois    ∞         Spirit   .   (no helmet)
rElec    +         Reflect  .   (no cloak)
rCorr    .         Harm     .   (no gloves)
MR       .....                  (no boots)
Stlth    ++........             (no amulet)
HPRegen  0.24/turn              F - +3 ring of evasion
MPRegen  0.16/turn              G - +4 ring of dexterity

@: agile
A: negative energy resistance 1, electricity resistance, unbreathing,
petrification resistance, no potion heal 1, rot immunity, AC +9
a: Minor Destruction, Lesser Servant of Makhleb, Major Destruction, Greater
Servant of Makhleb, Renounce Religion


You were on level 10 of the Dungeon.
You worshipped Makhleb.
Makhleb was exalted by your worship.
You were very hungry.

You visited 4 branches of the dungeon, and saw 16 of its levels.
You also visited: Sewer and Bailey.

You collected 1653 gold pieces.
You spent 1062 gold pieces at shops.

Inventory:

Hand Weapons
 a - a +8 war axe (weapon)
 b - a +4 eveningstar of draining
 d - a +4 dire flail of chaos
 n - a +6 blowgun
Missiles
 p - 17 tomahawks (quivered)
 r - 7 poisoned tomahawks
Armour
 c - a +0 shield (worn)
 e - a +2 ring mail of cold resistance (worn)
 s - a +0 plate armour of fire resistance
 u - the +1 plate armour of the Eternal Fruit {-Tele rCorr Int+2}
   (You bought it in a shop on level 2 of the Orcish Mines)

   It affects your intelligence (+2).
   It prevents most forms of teleportation.
   It provides partial protection from all sources of acid and corrosion.
Jewellery
 o - an uncursed ring of resist corrosion
 t - an uncursed ring of protection from cold
 v - an uncursed ring of ice
 F - a +3 ring of evasion (left hand)
 G - a +4 ring of dexterity (right hand)
 I - an uncursed ring of protection from fire
Wands
 q - a wand of digging (6)
 A - a wand of scattershot (4)
 O - a wand of acid (6)
Scrolls
 g - 5 scrolls of remove curse
 h - a scroll of fog {unknown}
 j - 3 scrolls of vulnerability {unknown}
 k - 3 scrolls of enchant armour {unknown}
 l - 6 scrolls of teleportation
 x - a scroll of blinking
 C - a scroll of enchant weapon
 L - 2 scrolls of magic mapping
 M - a scroll of fear {unknown}
 S - a scroll of summoning {unknown}
 T - a scroll of silence {unknown}
Potions
 i - 2 potions of mutation
 w - 9 potions of curing
 z - 3 potions of brilliance
 E - 4 potions of flight
 H - 2 potions of cancellation {unknown}
 N - a potion of haste
Comestibles
 f - 16 rations


   Skills:
 + Level 11.5 Fighting
 + Level 9.5 Axes
 + Level 11.3 Armour
 + Level 8.5 Dodging
 + Level 11.4 Shields
 + Level 8.1 Invocations


You had 12 spell levels left.
You didn't know any spells.
Your spell library contained the following spells:

 Spells                   Type           Power        Failure   Level  Hunger
 Animate Skeleton         Necr           N/A          65%         1    ##.....
 Apportation              Tloc           #.....       65%         1    ##.....
 Confusing Touch          Hex            #.....       65%         1    ##.....
 Corona                   Hex            #......      65%         1    ##.....
 Magic Dart               Conj           #...         65%         1    ##.....
 Shock                    Conj/Air       #...         65%         1    ##.....
 Sting                    Conj/Pois      #...         65%         1    ##.....
 Summon Butterflies       Summ           #.......     65%         1    ##.....
 Summon Small Mammal      Summ           #...         65%         1    ##.....
 Passwall                 Tmut/Erth      #.......     80%         2    ###....
 Searing Ray              Conj           #.....       80%         2    ###....
 Slow                     Hex            #.......     80%         2    ###....
 Dazzling Spray           Conj/Hex       #.....       95%         3    ####...
 Ignite Poison            Fire/Tmut/Pois #.......     95%         3    ####...
 Inner Flame              Hex/Fire       #.......     95%         3    ####...
 Portal Projectile        Hex/Tloc       #.....       95%         3    ####...
 Cause Fear               Hex            #.........   100%        4    #####..
 Force Lance              Conj/Tloc      #.......     100%        4    #####..
 Fulminant Prism          Conj/Hex       #.........   100%        4    #####..
 Iskenderun's Mystic Bla  Conj           #.......     100%        4    #####..
 Leda's Liquefaction      Hex/Erth       #.........   100%        4    #####..
 Blade Hands              Tmut           #.........   100%        5    ######.
 Bolt of Magma            Conj/Fire/Erth #.........   100%        5    ######.
 Iron Shot                Conj/Erth      #.........   100%        6    #######
 Shatter                  Erth           #.........   100%        9    #######
 Statue Form              Tmut/Erth      Unusable     N/A         6    N/A

Dungeon Overview and Level Annotations

Branches:
Dungeon (10/15)            Temple (1/1) D:7            Lair (3/6) D:9
  Swamp (0/4) Lair:2       Spider (0/4) Lair:2          Orc (2/2) D:9
    Elf (0/3) Orc:2

Altars:
Ashenzari
Cheibriados
Dithmenos
Elyvilon
Fedhas
Gozag
Hepliaklqana
Kikubaaqudgha
Makhleb
Nemelex Xobeh
Okawaru
Qazlal
Ru
Sif Muna
Trog
Uskayaw
Vehumet
Wu Jian
Xom
Yredelemnul
Zin
The Shining One
Beogh

Shops:
D:6 (   D:7 *   D:9 %   D:10 }   Orc:2 [([[

Annotations:
D:10 1 transporter, Lanoc's ghost, journeyman DsCK


Innate Abilities, Weirdness & Mutations

You are resistant to torment.
Your stone body is resilient. (AC +9)
You are immune to poison.
You resist negative energy. (rN+)
You are resistant to electric shocks. (rElec)
You can survive without breathing.
You are immune to petrification.
You are immune to rotting.
Potions are less effective at restoring your health.


Message History

The queen bee barely misses you.
You barely miss the queen bee.
The queen bee is almost dead.
You slash the meliai! You block the meliai's attack.
The meliai closely misses you. You block the meliai's attack.
The meliai stings you! The meliai completely misses you. The meliai stings you.
* * * LOW HITPOINT WARNING * * *
The queen bee barely misses you.
You slash the meliai!
The meliai is almost dead.
You closely miss the queen bee. The meliai hits you with a +0 war axe!!
* * * LOW HITPOINT WARNING * * *
The meliai stings you but does no damage.
You block the meliai's attack. The meliai stings you.
* * * LOW HITPOINT WARNING * * *
You block the queen bee's attack. You block the meliai's attack. x2
Your system partially rejects the healing.
You feel better. The meliai misses you. You block the meliai's attack. x2
The meliai completely misses you. The queen bee stings you!
You die...

###......###.###............#....
..#.....#########...........#....
..#....###.#*#.###...#......#....
..#....##...#...##...#|..........
..#....##.#.###.##...#...........
..#....##...#...##...#......#####
..#....#[#.#%#W#.#...#......#....
..#....#!.#...#y†#.#.########....
..#...©#©.#.#.#y@#©.....#........
.)#....#|.#.y.#..#......#...#####
.)[....#.#.#.#.#.#.#....#...#....
.......##...#...##.#....#...#....
.......####.#.####.#....#...#....
###....##...#...##.######...#....
..#....###.###.###..........#....
..#.....#########...........#....
..#......###.###............#....


You could see a queen bee, a meliai (berserk) and Lanoc's ghost.

Vanquished Creatures
  The ghost of Borgoz the Cleaver, a journeyman GrGl of Makhleb (Orc:2)
  3 hydras
  Harold (D:9)
  Erica (D:8)
  A dancing weapon (Orc:2)
  3 two-headed ogres
  Urug (D:10)
  Sonja (Orc:1)
  A deep elf archer (Bailey)
  9 deep elf magi (Bailey)
  5 orc sorcerers
  Joseph (D:7)
  A black mamba (Lair:3)
  Psyche (D:8)
  3 spiny frogs
  A rime drake (Lair:3)
  6 jumping spiders (Lair:2)
  4 trolls
  A hornet (D:10)
  4 hippogriffs
  6 redbacks (Lair:2)
  A wyvern (D:7)
  5 yaks (D:9)
  3 wraiths (D:9)
  2 basilisks
  Grum (D:7)
  7 vampire mosquitoes (Lair:2)
  3 wargs
  3 hungry ghosts
  4 water moccasins
  11 porcupines
  30 orc warriors
  4 sky beasts
  2 black bears
  3 ice beasts
  3 phantoms
  A necrophage (D:7)
  11 ogres
  2 centaurs
  8 crocodiles
  8 wolves
  3 big kobolds (Sewer)
  The ghost of Kairos the Shield-Bearer, an amateur VSFi (D:3)
  15 bullfrogs
  15 killer bees (D:10)
  4 scorpions
  12 wights
  2 howler monkeys
  An electric eel (Lair:2)
  7 crimson imps
  5 hounds
  A quasit (D:9)
  A bullfrog zombie (D:5)
  A centaur zombie (D:6)
  2 human zombies (D:9)
  5 jellies
  26 orc wizards
  15 orc priests
  3 bullfrog skeletons
  2 centaur skeletons (D:8)
  A human skeleton (D:9)
  6 iguanas
  A hell rat (Lair:3)
  6 worker ants
  A mummy (D:9)
  A hound zombie (D:8)
  2 hound skeletons (D:6)
  A worker ant zombie (D:7)
  Robin (D:2)
  6 gnolls (D:5)
  13 adders
  2 shadow imps (D:9)
  An adder zombie (D:6)
  2 worms
  3 dart slugs
  7 leopard geckos
  96 orcs
  8 giant cockroaches
  7 hobgoblins
  5 jackals
  16 kobolds
  A quokka (D:2)
  3 ball pythons
  6 bats
  3 frilled lizards
  A giant cockroach zombie (D:6)
  14 goblins
  2 leopard gecko skeletons
  An orc skeleton (D:9)
  An orc zombie (D:9)
  7 rats
  2 fungi (Lair:3)
515 creatures vanquished.

Vanquished Creatures (others)
  An orc wizard (Orc:2)
  An orc (D:10)
  A fungus (Lair:3)
  2 plants (Lair:3)
5 creatures vanquished.

Grand Total: 520 creatures vanquished

Notes
Turn   | Place    | Note
-------+----------+-------------------------------------------
     0 | D:1      | Borgoz the Gargoyle Fighter began the quest for the Orb.
     0 | D:1      | Reached XP level 1. HP: 14/14 MP: 1/1
   194 | D:1      | Reached XP level 2. HP: 19/19 MP: 2/2
   726 | D:2      | Reached XP level 3. HP: 18/23 MP: 3/3
  1131 | D:2      | Noticed Robin
  1136 | D:2      | Reached skill level 1 in Dodging
  1138 | D:2      | Killed Robin
  1138 | D:2      | Reached XP level 4. HP: 28/29 MP: 4/4
  1348 | D:3      | Noticed a bullfrog
  1366 | D:3      | Killed a bullfrog
  1366 | D:3      | Reached XP level 5. HP: 14/33 MP: 5/5
  1543 | D:3      | Found a faded altar of an unknown god.
  1595 | D:3      | Found a shimmering altar of Xom.
  1596 | D:3      | Found a hazy altar of Hepliaklqana.
  1597 | D:3      | Noticed a spectral ugly thing
  1679 | D:3      | Found a sacrificial altar of Ru.
  1749 | D:3      | Reached XP level 6. HP: 30/38 MP: 6/6
  1902 | D:3      | Found a glowing drain.
  1925 | Sewer    | Entered a sewer
  2166 | Sewer    | Reached XP level 7. HP: 28/44 MP: 7/7
  2236 | D:3      | Found a burning altar of Makhleb.
  2246 | D:3      | Found a large runed translucent door.
  2248 | D:3      | Found a large runed translucent door.
  2252 | D:3      | Noticed Kairos's ghost (amateur VSFi)
  2508 | D:3      | Killed Kairos's ghost
  2604 | D:4      | Reached skill level 5 in Fighting
  2604 | D:4      | Reached skill level 5 in Armour
  2604 | D:4      | Reached skill level 5 in Shields
  3008 | D:4      | Found an iron altar of Okawaru.
  3111 | D:5      | Entered Level 5 of the Dungeon
  3183 | D:5      | Reached XP level 8. HP: 49/49 MP: 8/8
  3516 | D:5      | Found an ornate altar of the Wu Jian Council.
  3856 | D:6      | Found Wipnus's Weapon Boutique.
  3885 | D:6      | Reached XP level 9. HP: 44/56 MP: 9/9
  4048 | D:6      | Reached skill level 5 in Axes
  4632 | D:6      | Noticed a two-headed ogre
  4644 | D:6      | Killed a two-headed ogre
  4690 | D:6      | Found an ancient bone altar of Kikubaaqudgha.
  4861 | D:7      | Found a staircase to the Ecumenical Temple.
  4879 | Temple   | Entered the Ecumenical Temple
  5020 | D:3      | Became a worshipper of Makhleb the Destroyer
  5149 | D:7      | Reached XP level 10. HP: 63/63 MP: 10/10
  5156 | D:7      | Reached skill level 5 in Dodging
  5620 | D:7      | Found a bloodstained altar of Trog.
  5722 | D:7      | Found Sayp's Assorted Antiques.
  5736 | D:7      | Bought a moonstone ring for 125 gold pieces
  5736 | D:7      | Bought a large peridot ring for 125 gold pieces
  6038 | D:8      | Noticed Joseph
  6038 | D:8      | Noticed Grum
  6038 | D:8      | Noticed Erica
  6051 | D:7      | Killed Joseph
  6054 | D:7      | Killed Grum
  6181 | D:7      | Reached * piety under Makhleb
  6418 | D:8      | Reached skill level 1 in Invocations
  6424 | D:8      | Killed Erica
  6741 | D:8      | Noticed Psyche
  6746 | D:8      | Killed Psyche
  6746 | D:8      | Reached XP level 11. HP: 69/69 MP: 12/12
  6911 | D:9      | Found a staircase to the Lair.
  6981 | D:9      | Found Suipaini's Food Boutique.
  6984 | D:9      | Found a basalt altar of Yredelemnul.
  7028 | D:9      | Found a staircase to the Orcish Mines.
  7034 | D:9      | Reached ** piety under Makhleb
  7189 | D:9      | Noticed a +0 hand axe
  7190 | D:9      | Found a hide-covered altar of Uskayaw.
  7191 | D:9      | Noticed a +0 hand axe
  7305 | D:9      | Found an ancient bone altar of Kikubaaqudgha.
  7664 | D:9      | Found a bloodstained altar of Trog.
  7931 | D:10     | Entered Level 10 of the Dungeon
  7938 | D:10     | Noticed a two-headed ogre
  7947 | D:10     | Killed a two-headed ogre
  7993 | D:10     | Found a flagged portal.
  8006 | D:10     | Found Peih's Gadget Shop.
  8019 | D:10     | Noticed a two-headed ogre
  8026 | D:10     | Reached *** piety under Makhleb
  8031 | D:10     | Killed a two-headed ogre
  8154 | Bailey   | Entered a bailey
  8160 | Bailey   | Noticed a deep elf mage
  8172 | Bailey   | Killed a deep elf mage
  8184 | Bailey   | Noticed a deep elf mage
  8185 | Bailey   | Noticed a deep elf mage
  8185 | Bailey   | Noticed a deep elf mage
  8185 | Bailey   | Noticed a deep elf mage
  8185 | Bailey   | Noticed a deep elf mage
  8185 | Bailey   | Noticed a deep elf mage
  8199 | Bailey   | Killed a deep elf mage
  8207 | Bailey   | Killed a deep elf mage
  8218 | Bailey   | Noticed a sixfirhy
  8222 | Bailey   | Killed a deep elf mage
  8222 | Bailey   | Reached XP level 12. HP: 73/77 MP: 15/15
  8224 | Bailey   | Reached skill level 5 in Invocations
  8399 | Bailey   | Reached skill level 10 in Fighting
  8455 | Bailey   | Identified An Introduction to Theurgy
  8459 | Bailey   | Identified the Tome of Mutagenic Execration
  8609 | D:10     | Found a transporter.
  8611 | D:10     | Found a transporter.
  8641 | D:10     | Found an opulent altar of Gozag.
  8667 | D:10     | Reached skill level 10 in Shields
  8710 | D:10     | Noticed Urug
  8724 | D:10     | Killed Urug
  8724 | D:10     | Reached skill level 10 in Armour
  8836 | D:10     | Noticed Lanoc's ghost (journeyman DsCK)
  9286 | Lair:1   | Entered Level 1 of the Lair of Beasts
  9391 | Lair:1   | Noticed an eight-headed hydra
  9402 | Lair:1   | Killed an eight-headed hydra
  9633 | Lair:1   | Reached **** piety under Makhleb
  9746 | Lair:2   | Found a staircase to the Swamp.
  9812 | Lair:2   | Noticed a six-headed hydra
  9820 | Lair:2   | Killed a six-headed hydra
 10442 | Lair:2   | Found a hole to the Spider Nest.
 10448 | Lair:2   | Reached XP level 13. HP: 74/83 MP: 16/18
 11322 | Orc:1    | Entered Level 1 of the Orcish Mines
 11322 | Orc:1    | Noticed Sonja
 11325 | Orc:1    | Noticed Harold
 11447 | D:9      | Killed Harold
 11459 | Orc:1    | Killed Sonja
 11499 | Orc:1    | Reached ***** piety under Makhleb
 11717 | Orc:2    | Entered Level 2 of the Orcish Mines
 12108 | Orc:2    | Found a staircase to the Elven Halls.
 12113 | Orc:2    | Gained mutation: Armour fits poorly on your strangely
                  | shaped body. [a neqoxec]
 12117 | Orc:2    | Paralysed by an orc sorcerer for 7 turns
 12503 | Orc:2    | Found a runed translucent door.
 12514 | Orc:2    | Found a shimmering altar of Xom.
 12514 | Orc:2    | Noticed Borgoz's ghost (journeyman GrGl)
 12839 | Orc:2    | Found a roughly hewn altar of Beogh.
 12947 | Orc:2    | Found Laodd's Antique Armour Shop.
 12981 | Orc:2    | Noticed an orc warlord
 13153 | Orc:2    | HP: 3/84 [orc sorcerer/bolt of fire (42)]
 13156 | Orc:2    | Gained mutation: Potions are less effective at restoring
                  | your health. [a neqoxec]
 13161 | Orc:2    | Reached ****** piety under Makhleb
 13161 | Orc:2    | Lost mutation: Armour fits poorly on your strangely shaped
                  | body. [a neqoxec]
 13167 | Orc:2    | Found Syppaic's Antique Weapon Shoppe.
 13174 | Orc:2    | Found Xobo's Antique Armour Emporium.
 13175 | Orc:2    | Found a roughly hewn altar of Beogh.
 13202 | Orc:2    | Bought a slimy plate armour for 812 gold pieces
 13212 | Orc:2    | Identified the +1 plate armour of the Eternal Fruit {-Tele
                  | rCorr Int+2} (You bought it in a shop on level 2 of the
                  | Orcish Mines)
 13244 | Orc:2    | Found a roughly hewn altar of Beogh.
 13335 | Orc:2    | Found a roughly hewn altar of Beogh.
 13335 | Orc:2    | Found Lis Sudi's Armour Shoppe.
 13495 | Orc:2    | Killed Borgoz's ghost
 13899 | D:10     | HP: 1/84 [meliai/+0 war axe (6)]
 13900 | D:10     | Mangled by a queen bee

Levels and vault maps discovered:
D:1:      dpeg_arrival_rooms_with_view, layout_basic, minivault_11
D:2:      layout_loops_ring, first_ration, minmay_misc_feat_ornament, uniq_robin
D:3:      layout_rooms, regret_index_temple_of_mockery, old_standard_altar,
          nicolae_ru_great_annihilating_truth, ebering_ghost_disaster_area,
          serial_glass, glass_columns_a, glass_columns_a, portal_sewer_entry_f,
          chequers_ecumenical_altar_lobes
D:4:      layout_basic, okawaru_altar_gauntlet_db
D:5:      layout_gridville, basic_altar, serial_bayou_ford_a
D:6:      layout_rooms, serial_shops, shop, basic_altar,
          minmay_fractal_squares_diagonal_5
D:7:      layout_basic, temple_fountains, serial_shops, shop,
          lemuel_statue_altar
D:8:      layout_cave_pools, uniq_joseph, uniq_grum, uniq_psyche, uniq_erica
D:9:      layout_stronghold, dancing_weapons_uskayaw,
          lemuel_mausoleum_altar_kikubaaqudgha, lemuel_doored_altar,
          yredelemnul_altar_generic, minmay_lair_entry_grove, david_orc_2,
          serial_shops, nicolae_shop_temple_entry_statues_fountains,
          grunt_ogre_cave
D:10:     layout_grid_maze, gammafunk_ghost_hive, serial_shops, shop_coins,
          enter_bailey_2, nrook_campfire, grunt_gozag_breadcrumbs, uniq_urug
Temple:   cyrus_circular_temple
Lair:1:   layout_cave_shapes, grunt_megastairs_4
Lair:2:   layout_concentric_octagons, minmay_swamp_entry_swarm,
          nicolae_spider_entry_tight_spaces, serial_bayou_shore_a,
          infiniplex_staircase_pool
Lair:3:   layout_regular_city, kennysheep_rathole
Orc:1:    layout_caves, uniq_harold, uniq_sonja
Orc:2:    grunt_orc_community_town_hall, layout_caves,
          grunt_orc_community_big_house_1, grunt_orc_community_big_house_2,
          grunt_orc_community_house_1, grunt_orc_community_house_1,
          grunt_orc_community_house_2, grunt_orc_community_house_2,
          grunt_orc_community_house_3, grunt_orc_community_house_2,
          ebering_ghost_xom
Sewer:    kennysheep_pipe_town
Bailey:   bailey_polearm_3, bailey

Skill      XL: |  1  2  3  4  5  6  7  8  9 10 11 12 13 |
---------------+----------------------------------------+-----
Axes           | 2 3 4 5 6 7 8 9 |  9.5
Dodging        | 1 2 3 4 5 6 7 8 |  8.5
Fighting       | 4 5 6 7 8 9 10 11 | 11.5
Armour         | 4 5 6 7 8 9 10 11 | 11.3
Shields        | 4 5 6 7 8 9 10 11 | 11.4
Invocations    | 2 4 6 8 |  8.1

Action                   |  1- 3 |  4- 6 |  7- 9 | 10-12 | 13-15 || total
-------------------------+-------+-------+-------+-------+-------++-------
Melee: War axe           |    61 |   207 |   304 |   634 |   478 ||  1684
       Eveningstar       |       |       |       |    15 |     6 ||    21
  Use: Potion            |       |     1 |     5 |     5 |    11 ||    22
       Scroll            |       |       |    10 |    10 |     5 ||    25
 Stab: Paralysed         |       |     4 |       |       |       ||     4
       Invisible         |       |       |       |     2 |     5 ||     7
  Eat: Chunk             |       |     5 |     9 |    22 |    11 ||    47
Armor: Scale mail        |    27 |       |       |       |       ||    27
       Ring mail         |     5 |   141 |   136 |   233 |   158 ||   673
Dodge: Dodged            |    17 |    89 |   140 |   481 |   321 ||  1048
Block: Shield            |    29 |   130 |   188 |   451 |   370 ||  1168

Table legend:
 A = Non-vault XP
 B = Vault XP
 C = Vault XP percentage of total XP
 D = Non-vault monster count
 E = Vault monster count
 F = Vault count percentage of total count
                 A         B        C        D         E       F
            +---------+---------+-------+---------+---------+-------
      Total |   25458 |   26442 |  50.9 |     302 |     212 |  41.2
            +---------+---------+-------+---------+---------+-------
        D:1 |      16 |       6 |  27.3 |       8 |       2 |  20.0
        D:2 |      54 |      25 |  31.6 |      10 |       7 |  41.2
        D:3 |     214 |     158 |  42.5 |      26 |      11 |  29.7
        D:4 |     223 |      10 |   4.3 |       5 |       6 |  54.5
        D:5 |     940 |       0 |   0.0 |      25 |       0 |   0.0
        D:6 |    1996 |     456 |  18.6 |      28 |       8 |  22.2
        D:7 |    1569 |    1075 |  40.7 |      19 |       6 |  24.0
        D:8 |     809 |    1368 |  62.8 |      10 |       2 |  16.7
        D:9 |    1563 |    3921 |  71.5 |      33 |      30 |  47.6
       D:10 |    4817 |    1441 |  23.0 |      40 |       7 |  14.9
     Lair:1 |    3114 |     411 |  11.7 |      14 |       1 |   6.7
     Lair:2 |    2014 |    4383 |  68.5 |       9 |      19 |  67.9
     Lair:3 |    3444 |      34 |   1.0 |      15 |       1 |   6.2
      Orc:1 |    1190 |     820 |  40.8 |      22 |       1 |   4.3
      Orc:2 |    3495 |    6522 |  65.1 |      38 |      77 |  67.0
      Sewer |       0 |     330 | 100.0 |       0 |      24 | 100.0
     Bailey |       0 |    5482 | 100.0 |       0 |      10 | 100.0
            +---------+---------+-------+---------+---------+-------
